 Dungeon Crawl Stone Soup version 0.31-a0-1009-g454b1f1e0a (webtiles) character file.

Game seed: 12753280452757608819

265 BinkBink the Changeling (level 5, -5/27 HPs)
             Began as a Spriggan Shapeshifter on Nov 15, 2023.
             Killed by divine providence
             ... invoked by an orc priest
              (14 damage)
             ... on level 3 of the Dungeon.
             The game lasted 00:03:47 (2538 turns).

BinkBink the Changeling (Spriggan Shapeshifter)     Turns: 2538, Time: 00:03:47

Health: -5/27      AC:  2    Str: 12    XL:     5   Next: 99%
Magic:  6/6        EV: 18    Int: 12    God:
Gold:   79         SH:  0    Dex: 14    Spells: 4/4 levels left

rFire   . . .        f - +0 sling
rCold   . . .        (no shield)
rNeg    . . .        a - +0 animal skin
rPois   .            (helmet currently unavailable)
rElec   .            (cloak currently unavailable)
rCorr   .            (gloves unavailable)
SInv    +            (boots unavailable)
Will    .....        (no amulet)
Stlth   +            (no ring)
HPRegen 0.24/turn    (no ring)
MPRegen 0.10/turn

%: no passive effects
@: beast-form, very quick
A: beast (slay +3), very small, no large weapons, unfitting armour, see
invisible, speed 3
a: Begin Untransformation


You were on level 3 of the Dungeon.
You were a hulking beast.
You visited 1 branch of the dungeon, and saw 3 of its levels.

You collected 79 gold pieces.

Inventory:

Hand Weapons
 f - a +0 sling (weapon)
Armour
 a - a +0 animal skin (worn)
Talismans
 c - a beast talisman
 d - a flux talisman
Wands
 n - a wand of paralysis (9)
Scrolls
 e - 2 scrolls of teleportation {unknown}
 k - 3 scrolls of identify {unknown}
 m - 2 scrolls of enchant weapon {unknown}
Potions
 b - a potion of lignification
 g - a potion of degeneration {unknown}
 h - a potion of curing {unknown}
 i - a potion of brilliance {unknown}
 j - a potion of berserk rage {unknown}
 l - a potion of haste {unknown}


   Skills:
 + Level 2.3 Fighting
 + Level 4.7 Dodging
 + Level 3.5 Unarmed Combat
 + Level 5.4 Shapeshifting


You had 4 spell levels left.
You didn't know any spells.
Your spell library contained the following spells:

 Spells                   Type           Power      Damage    Failure   Level
 Apportation              Tloc           0%         N/A       32%         1
 Jinxbite                 Hex            0%         N/A       45%         2
 Lesser Beckoning         Tloc           0%         N/A       45%         2
 Gell's Gravitas          Tloc           0%         N/A       69%         3
 Teleport Other           Tloc           0%         N/A       69%         3
 Alistair's Intoxication  Tmut/Pois      0%         N/A       100%        5


Dungeon Overview and Level Annotations

Branches:
Dungeon (3/15)

Altars:
Ru

Annotations:
D:1 2 runed translucent doors


Innate Abilities, Weirdness & Mutations

You are a hulking beast.
Your limbs bulge with bestial killing power. (Slay +3)
You are very small and have problems with some larger weapons.
You are too small for most types of armour.
You have supernaturally acute eyesight. (SInv)
You cover ground extremely quickly. (Speed+++)


Message History

There are monsters nearby!
You shoot a sling bullet. The orc priest shouts!
The sling bullet hits the rat.
You kill the rat!
No target in view!
You start waiting.
An orc priest is nearby!
You shoot a sling bullet. The sling bullet hits the orc priest.
The orc priest is moderately wounded.
You shoot a sling bullet. The sling bullet hits the orc priest.
The orc priest is moderately wounded.
The orc priest invokes the aid of Beogh against you.
You resist with significant effort.
You shoot a sling bullet. The sling bullet hits the orc priest.
The orc priest is heavily wounded.
You shoot a sling bullet. The sling bullet hits the orc priest.
The orc priest is severely wounded.
You shoot a sling bullet. The sling bullet hits the orc priest.
The orc priest is almost dead.
The orc priest invokes the aid of Beogh against you.
Beogh smites you!
Ouch! That really hurt!
You are too injured to fight recklessly!
Fire: f) +0 sling
Press: ? - help, Q - select action, (/) - cycle Shift-Dir - straight line, f/p - orc priest
Aim: an orc priest, wielding a +0 hand axe and wearing a ring of willpower (almost dead, 60% to hit)
You shoot a sling bullet.
The sling bullet closely misses the orc priest.
The sling bullet completely misses the kobold.
Fire: f) +0 sling
Press: ? - help, Q - select action, (/) - cycle Shift-Dir - straight line, f/p - orc priest
Aim: an orc priest, wielding a +0 hand axe and wearing a ring of willpower (almost dead, 60% to hit)
You shoot a sling bullet. The sling bullet hits the orc priest.
The orc priest is almost dead.
The orc priest hits you with a +0 hand axe.
The orc priest calls down the wrath of Beogh upon you.
Beogh smites you!
Ouch! That really hurt!
You die...

#.####.........#..........#
#.# #.........#.##########
#.# #.........#.# #.#
#.........#.# ..#
#.....†...#.# .......#.#
####.###K# #o# #h#
#........ ########.


You could see an orc priest and a kobold.

Vanquished Creatures
  Sigmund (D:2)
  An orc wizard (D:2)
  An adder (D:2)
  5 orcs
  4 bats
  4 endoplasms
  2 giant cockroaches (D:1)
  6 goblins
  11 hobgoblins
  6 kobolds
  3 quokkas
  4 ball pythons
  6 frilled lizards
  7 rats
61 creatures vanquished.

Notes
Turn   | Place    | Note
-------+----------+-------------------------------------------
     0 | D:1      | BinkBink the Spriggan Shapeshifter began the quest for the
                  | Orb.
     0 | D:1      | Reached XP level 1. HP: 9/9 MP: 2/2
    71 | D:1      | Reached skill level 1 in Fighting
    97 | D:1      | Found a large runed translucent door.
    97 | D:1      | Found a large runed translucent door.
   102 | D:1      | Noticed an orc warrior
   102 | D:1      | Noticed an orc priest
   104 | D:1      | Noticed an orc wizard
   197 | D:1      | Reached XP level 2. HP: 14/14 MP: 3/3
   787 | D:1      | Reached XP level 3. HP: 18/18 MP: 4/4
  1526 | D:2      | Noticed Sigmund
  1590 | D:2      | Killed Sigmund
  1591 | D:2      | Reached skill level 5 in Shapeshifting
  1591 | D:2      | Reached XP level 4. HP: 14/23 MP: 5/5
  1591 | D:2      | Reached XP level 5. HP: 16/26 MP: 6/6
  2332 | D:3      | Found a sacrificial altar of Ru.
  2538 | D:3      | Killed from afar by an orc priest

Illustrated notes

Levels and vault maps discovered:
D:1:      erik_arrival_cave_to_civilisation [erik_arrival_cave_to_temple],
          layout_basic, serial_bayou_pond_a
D:2:      layout_basic, minmay_misc_feat_more_columns, uniq_sigmund
D:3:      layout_basic, mainiacjoe_overflow_boulevard,
          hellmonk_ecumenical_altar_heavens_door, serial_bayou_pond_a,
          minmay_misc_feat_hallway

Skill      XL: |  1  2  3 |
---------------+----------+-----
Fighting       | 1 2 |  2.3
Dodging        | 3 4 |  4.7
Unarmed Combat | 3 |  3.5
Shapeshifting  | 5 |  5.4

Action                     |  1- 3 |  4- 6 || total
---------------------------+-------+-------++-------
  Melee: Unarmed           |     5 |       ||     5
   Fire: Sling             |   116 |    51 ||   167
 Armour: Animal skin       |    15 |     7 ||    22
  Dodge: Dodged            |    45 |     9 ||    54

Table legend: (Time is in decaauts)
 A = Elapsed time spent in this place.
 B = Non-inter-level travel time spent in this place.
 C = Inter-level travel time spent in this place.
 D = Time resting spent in this place.
 E = Time spent auto-exploring this place.
 F = Levels seen in this place.
 G = Mean time per level.
                   A        B        C        D        E       F      G
               +--------+--------+--------+--------+--------+-----+--------+
         Total |   1846 |   1727 |    119 |    210 |   1058 |   3 |  615.3 |
       Dungeon |   1846 |   1727 |    119 |    210 |   1058 |   3 |  615.3 |
               +--------+--------+--------+--------+--------+-----+--------+

Top non-repeatable levels by time:
     D:2: 976 daAuts
     D:1: 681 daAuts
     D:3: 188 daAuts
